 Dungeon Crawl Stone Soup version 0.30.0-30-g96aa6591b8 (webtiles) character file.

Game seed: 18223742099263734310

4272 Elmgren the Fighter (level 10, -5/87 (90) HPs)
             Began as a Minotaur Fighter on June 29, 2023.
             Was a Believer of Ru.
             Killed by divine providence
             ... invoked by a smoke demon
             ... summoned by a kobold demonologist
              (15 damage)
             ... on level 9 of the Dungeon on June 30, 2023.
             The game lasted 00:15:01 (8107 turns).

Elmgren the Fighter (Minotaur Fighter)              Turns: 8107, Time: 00:15:01

HP:   -5/87 (90)    AC: 28    Str: 25    XL:     10   Next: 10%
MP:   9/9           EV:  5    Int:  5    God:    Ru [**....]
Gold: 507           SH:  8    Dex: 10    Spells: 9/9 levels left

rFire   + + .        i - +2 flail (protect)
rCold   + . .        C - +0 kite shield
rNeg    + . .        n - +7 plate armour {ponderous}
rPois   .            j - +0 hat
rElec   .            u - scarf {rC+ rF+}
rCorr   .            (no gloves)
SInv    .            q - +2 pair of boots of Aloxi {Rampage rF+ Will+}
Will    +....        (no amulet) Stlth
                     g - ring of positive energy
HPRegen 0.34/turn    (no ring)
MPRegen 0.11/turn

%: rampage
@: mighty, under a protective aura, on berserk cooldown, slowed, lightly
drained, very slow
A: horns 2, hated by all, retaliatory headbutt, frail 1
a: Renounce Religion


You were on level 9 of the Dungeon.
You worshipped Ru.
Ru was pleased with you.
You visited 2 branches of the dungeon, and saw 10 of its levels.

You collected 507 gold pieces.

Inventory:

Hand Weapons
 i - a +2 flail of protection (weapon)
Missiles
 e - 8 boomerangs of dispersal (quivered)
Armour
 j - a +0 hat (worn)
 n - a +7 plate armour of ponderousness (worn)
 q - the +2 pair of boots of Aloxi (worn) {Rampage rF+ Will+}
   (You acquired it on level 3 of the Dungeon)

   rF:        It protects you from fire.
   Rampage:   It bestows one free step when moving towards enemies.
   Will:      It increases your willpower.
 u - a scarf of resistance (worn)
 C - a +0 kite shield (worn)
Magical Staves
 c - a staff of earth
Jewellery
 g - a ring of positive energy (left hand)
 D - an amulet of reflection
Wands
 o - a wand of flame (12)
 p - a wand of roots (10)
 w - a wand of polymorph (2)
 E - a wand of quicksilver (12)
 F - a wand of paralysis (8)
Scrolls
 f - 2 scrolls of blinking
 l - 5 scrolls of teleportation
 y - a scroll of amnesia
Potions
 a - a potion of degeneration {unknown}
 b - 5 potions of attraction
 d - 2 potions of might
 h - 3 potions of berserk rage
 k - 2 potions of ambrosia {unknown}
 m - 2 potions of mutation
 r - a potion of magic {unknown}
 s - a potion of lignification {unknown}
 t - a potion of brilliance {unknown}
 v - a potion of haste {unknown}
 x - 4 potions of curing


   Skills:
 + Level 12.8 Fighting
 - Level 5.7(9.2) Axes
 + Level 11.2(11.8) Maces & Flails
 - Level 3.6 Armour
 - Level 3.6 Shields


You had 9 spell levels left.
You didn't know any spells.
Your spell library contained the following spells:

 Spells                   Type           Power      Damage    Failure   Level
 Blink                    Tloc           0%         N/A       100%        2
 Lesser Beckoning         Tloc           0%         N/A       100%        2
 Momentum Strike          Conj/Tloc      0%         3d8       100%        2
 Dazzling Flash           Conj/Hex       0%         N/A       100%        3
 Portal Projectile        Hex/Tloc       0%         N/A       100%        3
 Leda's Liquefaction      Hex/Erth       0%         N/A       100%        4
 Agony                    Necr           0%         N/A       100%        5
 Silence                  Hex/Air        0%         N/A       100%        5
 Call Canine Familiar     Summ           Unusable   N/A       N/A         3

Dungeon Overview and Level Annotations

Branches:
Dungeon (9/15) Zot: 26910  Temple (1/1) D:5 Zot: 5811
   Lair: D:8-11         Orc: D:9-12

Altars:
Ashenzari
Cheibriados
Dithmenos
Elyvilon
Makhleb
Nemelex Xobeh
Okawaru
Ru
Sif Muna
Trog
Uskayaw
Vehumet
Wu Jian
Xom
Zin
The Shining One

Annotations:
D:9 1 transporter


Innate Abilities, Weirdness & Mutations

You have a pair of horns on your head.
You are hated by all.
You reflexively headbutt those who attack you in melee.
You are frail. (-10% HP)


Message History

You hit the ice devil.
You kill the ice devil!
The ice devil disappears in a puff of smoke!
The white imp disappears in a puff of smoke!
The crimson imp blinks!
The neqoxec gestures at you.
Strange energies course through your body.
You feel frail.
The kobold demonologist gestures wildly while chanting.
You feel very mighty all of a sudden.
The kobold demonologist mumbles some strange words.
The kobold demonologist gestures wildly while chanting.
You block the ufetubus's attack.
The ufetubus hits you but does no damage.
You hit the ufetubus.
You kill the ufetubus!
The ufetubus disappears in a puff of smoke!
The orc priest calls down the wrath of Beogh upon you.
Beogh smites you!
* * * LOW HITPOINT WARNING * * *
The smoke demon begins to attack, but is stunned by your conviction!
The iron imp shouts, "Scamper away, thou pottle-deep toot-wallowing mooer!"
You take 12 damage, and have 21/87 hp.
You rampage towards the neqoxec!
You bludgeon the neqoxec!! The neqoxec completely misses you.
The kobold demonologist gestures wildly while chanting.
The smoke demon gestures at you. Something smites you!
* * * LOW HITPOINT WARNING * * *
The kobold demonologist casts a spell.
The neqoxec hits you but does no damage.
The kobold demonologist begins to cast a cantrip, but forgets the words!
You take 12 damage, and have 10/87 hp.
You block the neqoxec's attack.
The hellwing swoops through the air toward you!
You block the hellwing's attack. The hellwing hits you.
* * * LOW HITPOINT WARNING * * *
The smoke demon gestures at you. Something smites you!
You die...

....#...#.....#...# .....#
....#...#.....#...##.....#
....#...#.....#..........#
....#...#.....#..........#
.(.......................#
....###############......#
....#8~#..5oKKo#P8#.#+####.
....#P.#≈≈≈≈≈≈≈#.P#........
<...#$)#..P~~.5#@4#.......#
...©#©}+..~⌠~5.3.©#©......+
....#$$#..~P~.3#..#.../...#
>...#P.#≈≈≈≈≈≈≈#.P#.......#
....#8P#:..5Koo#P8#.......#
....###############.......#
............$.............#
........#.................#
....#...#$................#


You could see a hellwing (summoned), 3 kobold demonologists, a smoke demon
(summoned), a neqoxec (summoned), an orc sorcerer, 3 iron imps, 3 orc priests
and a crimson imp (summoned).

Vanquished Creatures
  A two-headed ogre (D:5)
  Grinder (D:4)
  A wraith (D:5)
  A wyvern (D:8)
  Edmund (D:4)
  2 orc warriors
  Duvessa (D:4)
  A sky beast (D:7)
  A black bear (D:6)
  2 ogres
  4 centaurs
  2 phantoms
  2 kobold brigands
  2 bullfrogs
  A gnoll sergeant (D:8)
  5 scorpions
  8 wights
  Dowan (D:4)
  A howler monkey (D:8)
  2 jellies (D:6)
  4 orc priests
  3 hounds
  A sleepcap (D:5)
  2 iguanas
  7 orc wizards
  8 gnolls
  11 adders
  A shadow imp (D:6)
  2 white imps
  2 ufetubi
  2 worms
  3 dart slugs
  29 orcs
  3 endoplasms
  2 giant cockroaches (D:5)
  10 goblins
  6 hobgoblins
  6 jackals
  7 quokkas
  6 ball pythons
  9 frilled lizards
  14 kobolds
  7 rats
185 creatures vanquished.

Notes
Turn   | Place    | Note
-------+----------+-------------------------------------------
     0 | D:1      | Elmgren the Minotaur Fighter began the quest for the Orb.
     0 | D:1      | Reached XP level 1. HP: 19/19 MP: 0/0
   202 | D:1      | Reached skill level 4 in Fighting
   205 | D:1      | Reached XP level 2. HP: 27/27 MP: 1/1
  1014 | D:2      | Reached XP level 3. HP: 33/34 MP: 2/2
  1684 | D:3      | Noticed a scorpion
  1687 | D:3      | Killed a scorpion
  1688 | D:3      | Reached skill level 5 in Fighting
  1688 | D:3      | Reached XP level 4. HP: 41/42 MP: 3/3
  1846 | D:3      | Reached XP level 5. HP: 46/48 MP: 4/4
  2286 | D:3      | Identified a scroll of acquirement
  2286 | D:3      | Acquired the +2 pair of boots of Aloxi {Rampage rF+ Will+}
  2423 | D:4      | Noticed Edmund
  2443 | D:4      | Killed Edmund
  2444 | D:4      | Reached skill level 6 in Fighting
  2444 | D:4      | Reached skill level 5 in Axes
  2444 | D:4      | Reached XP level 6. HP: 54/58 MP: 5/5
  2673 | D:4      | Noticed a +0 hand axe
  2673 | D:4      | Noticed a +0 dagger
  2674 | D:4      | Found a hide-covered altar of Uskayaw.
  2697 | D:4      | Reached skill level 1 in Maces & Flails
  2886 | D:4      | Noticed Grinder
  2896 | D:4      | Killed Grinder
  2897 | D:4      | Reached skill level 7 in Fighting
  2897 | D:4      | Reached XP level 7. HP: 66/66 MP: 6/6
  2942 | D:4      | Noticed Duvessa
  2943 | D:4      | Noticed Dowan
  2953 | D:4      | Killed Dowan
  2959 | D:4      | Killed Duvessa
  2960 | D:4      | Reached skill level 8 in Fighting
  3008 | D:4      | Found a broken altar of Ashenzari.
  3277 | D:5      | Entered Level 5 of the Dungeon
  3285 | D:5      | Found a staircase to the Ecumenical Temple.
  3310 | D:5      | Reached skill level 5 in Maces & Flails
  3338 | D:5      | You fall into a shaft and drop 1 floor!
  3486 | D:5      | Noticed a wraith
  3495 | D:5      | Killed a wraith
  3496 | D:5      | Reached skill level 9 in Fighting
  3496 | D:5      | Reached XP level 8. HP: 78/78 MP: 7/7
  3821 | D:5      | Found a glowing drain.
  3903 | D:5      | Noticed a two-headed ogre
  3911 | D:5      | Killed a two-headed ogre
  3912 | D:5      | Reached skill level 10 in Fighting
  3922 | D:5      | Found a burning altar of Makhleb.
  3922 | D:5      | Found a glowing silver altar of Zin.
  3922 | D:5      | Found a white marble altar of Elyvilon.
  3922 | D:5      | Found a bloodstained altar of Trog.
  4000 | D:5      | Found a radiant altar of Vehumet.
  4435 | D:6      | Reached XP level 9. HP: 74/86 MP: 8/8
  4559 | D:6      | Reached skill level 11 in Fighting
  4925 | Temple   | Entered the Ecumenical Temple
  5200 | Temple   | Became a worshipper of Ru the Awakened
  5692 | D:7      | Reached skill level 10 in Maces & Flails
  5711 | D:7      | Reached skill level 12 in Fighting
  5905 | D:7      | Found an ornate altar of the Wu Jian Council.
  7521 | D:8      | Found a hazy altar of Hepliaklqana.
  7595 | D:8      | Gained mutation: You are hated by all. [Ru sacrifice]
  7595 | D:8      | Reached * piety under Ru
  7595 | D:8      | Reached ** piety under Ru
  7597 | D:8      | Reached XP level 10. HP: 94/100 MP: 9/9
  7874 | D:8      | Found a sparkling altar of Nemelex Xobeh.
  8016 | D:9      | Found a transporter.
  8032 | D:9      | Noticed an orc sorcerer
  8047 | D:9      | Found a transporter.
  8063 | D:9      | Noticed a soul eater
  8070 | D:9      | Noticed a smoke demon
  8074 | D:9      | Noticed a sun demon
  8102 | D:9      | Gained mutation: You are frail. (-10% HP) [a neqoxec]
  8104 | D:9      | Noticed a smoke demon
  8107 | D:9      | Killed from afar by a smoke demon

Illustrated notes

Levels and vault maps discovered:
D:1:      dpeg_arrival_arbitrary_a, layout_basic
D:2:      layout_basic
D:3:      layout_loops_cross, uniq_crazy_yiuf_cottage
D:4:      layout_gridville, overflow_temple_1_default, dancing_weapons_uskayaw,
          kennysheep_dice, uniq_duvessa, uniq_grinder, uniq_edmund
D:5:      layout_loops_ring, mainiacjoe_overflow_alcove_1,
          grunt_temple_overflow_cloverleaf, minmay_temple_entry_mini_moons,
          portal_sewer_entry_f, minmay_curled_crystal
D:6:      layout_cave_pools
D:7:      layout_basic, pdpol_wu_jian_five_deadly_venoms, st_stairs_9,
          minmay_misc_feat_tiny
D:8:      layout_rooms, lemuel_doored_altar, kennysheep_mini_moat,
          serial_corexii_hall, chequers_hall_statues_y,
          corexii_hall_statues_deadend, hangedman_abyss_or_decor_stagger
D:9:      gammafunk_wand_slinger, layout_gridville,
          mainiacjoe_overflow_small_starburst, lair_entry_dummy,
          hangedman_abyss_or_decor_passed, minivault_8
Temple:   nicolae_temple_godpark

Skill      XL: |  1  2  3  4  5  6  7  8  9 10 |
---------------+-------------------------------+-----
Fighting       | 4 5 6 7 9 10 12 | 12.8
Axes           | 3 4 5 |  5.7
Maces & Flails | 3 6 8 10 11 | 11.2
Armour         | |  3.6
Shields        | |  3.6

Action                     |  1- 3 |  4- 6 |  7- 9 | 10-12 || total
---------------------------+-------+-------+-------+-------++-------
  Melee: War axe           |    78 |    44 |       |       ||   122
         Headbutt          |    13 |    15 |    54 |    18 ||   100
         Flail             |       |    50 |   274 |    69 ||   393
 Invoke: Sacrifice Love    |       |       |     1 |       ||     1
  Evoke: Wand              |       |       |       |     1 ||     1
    Use: Scroll            |     4 |     2 |     8 |     3 ||    17
         Potion            |       |       |       |     2 ||     2
 Armour: Scale mail        |    32 |       |       |       ||    32
         Plate armour      |     2 |    75 |   266 |    49 ||   392
  Dodge: Dodged            |    41 |    23 |    77 |    13 ||   154
  Block: Buckler           |    25 |    18 |    52 |     4 ||    99
         Kite shield       |       |       |       |    13 ||    13
